 Dungeon Crawl Stone Soup version 0.30-a0-310-g7d6cbdfea6 (webtiles) character file.

Game seed: 11553585030664329577

929 billz999 the Transmogrifier (level 7, -6/46 HPs)
             Began as a Vampire Earth Elementalist on Oct 24, 2022.
             Was an Initiate of Dithmenos.
             Mangled by a gnoll sergeant
             ... wielding a +0 trident
              (13 damage)
             ... on level 4 of the Dungeon.
             The game lasted 00:06:09 (3284 turns).

billz999 the Transmogrifier (VpEE)                  Turns: 3284, Time: 00:06:11

Health: -6/46      AC:  3    Str:  4 (7)  XL:     7   Next: 85%
Magic:  11/13      EV: 12    Int: 17 (19) God:    Dithmenos [......]
Gold:   179        SH:  0    Dex: 13 (15) Spells: 9/14 levels left

rFire   . . .      SeeInvis +    c - +0 dagger
rCold   . . .      Faith    .    (no shield)
rNeg    . . .      Spirit   .    a - +0 robe
rPois   .          Reflect  .    (no helmet)
rElec   .          Harm     .    (no cloak)
rCorr   .          Rampage  .    (no gloves)
Will    .....                    f - +0 pair of boots
Stlth   +++.......               (no amulet)
HPRegen 0.47/turn                (no ring)
MPRegen 0.13/turn                (no ring)

@: mighty, healing quickly
A: alive, fangs 3, see invisible, vampiric 2
a: Exsanguinate, Renounce Religion


You were on level 4 of the Dungeon.
You worshipped Dithmenos.
Dithmenos was noncommittal.
You visited 1 branch of the dungeon, and saw 4 of its levels.

You collected 179 gold pieces.

Inventory:

Hand Weapons
 c - a +0 dagger (weapon)
 s - a +0 sling
Armour
 a - a +0 robe (worn)
 f - a +0 pair of boots (worn)
Wands
 t - a wand of flame (9)
Scrolls
 d - a scroll of fear {unknown}
 e - a scroll of enchant weapon {unknown}
 h - a scroll of magic mapping
 i - a scroll of blinking {unknown}
 j - a scroll of torment {unknown}
 k - 2 scrolls of teleportation {unknown}
 m - a scroll of fog {unknown}
 o - 2 scrolls of identify {unknown}
 p - 2 scrolls of amnesia {unknown}
 q - a scroll of silence {unknown}
 u - a scroll of poison {unknown}
Potions
 r - a potion of haste {unknown}


   Skills:
 - Level 2.1 Dodging
 - Level 4.6 Stealth
 * Level 4.0 Spellcasting
 - Level 8.0 Transmutations
 + Level 4.0 Earth Magic


You had 9 spell levels left.
You knew the following spells:

 Your Spells              Type           Power      Damage    Failure   Level
a - Sandblast             Erth           34%        2d9       3%          1
b - Petrify               Tmut/Erth      23%        N/A       13%         4

Your spell library contained the following spells:

 Spells                   Type           Power      Damage    Failure   Level
 Passwall                 Tmut/Erth      19%        N/A       1%          2
 Magic Dart               Conj           12%        1d3       16%         1
 Summon Small Mammal      Summ           12%        N/A       16%         1
 Stone Arrow              Conj/Erth      20%        3d8       21%         3
 Searing Ray              Conj           6%         2d4       24%         2
 Call Canine Familiar     Summ           3%         N/A       43%         3
 Summon Guardian Golem    Hex/Summ       3%         N/A       43%         3
 Fulminant Prism          Conj/Hex       1%         3d6       83%         4


Dungeon Overview and Level Annotations

Branches:
Dungeon (4/15)
 Temple: D:4-7

Altars:
Ashenzari
Cheibriados
Dithmenos
Hepliaklqana
Nemelex Xobeh
Okawaru
Qazlal
Sif Muna
Uskayaw
Wu Jian

Annotations:
D:2 1 runed translucent door, Crazy Yiuf


Innate Abilities, Weirdness & Mutations

Your natural rate of healing is accelerated.
You have razor-sharp teeth.
You have supernaturally acute eyesight. (SInv)
You are afflicted with vampirism and can become a bat while bloodless.


Message History

The gnoll attacks as you move away! The gnoll closely misses you.
The gnoll attacks as you move away! The gnoll hits you with a +0 whip!
You see here a hobgoblin corpse.
There is an open door here.
The gnoll attacks as you move away! The gnoll closely misses you.
Okay, then.
Casting: Sandblast (safe; 2% risk of failure)
Confirm with . or Enter, or press ? or * to list all spells.
The spell is quite dangerous to miscast (12% risk of failure)!
Continue anyway?
Aiming: Petrify (quite dangerous; 12% risk of failure)
Press: ? - help, Shift-Dir - straight line, f/p - gnoll
Aim: a gnoll, wielding a +0 whip (heavily wounded, chance to affect: 66%)
The gnoll struggles to resist.
The gnoll barely misses you.
The gnoll sergeant hits you from afar with a +0 trident!
* * * LOW HITPOINT WARNING * * *
Unknown command.
The gnoll attacks as you move away! The gnoll hits you with a +0 whip.
* * * LOW HITPOINT WARNING * * *
As you read the scroll labelled ZERIZX LABBALOLA, it crumbles to dust.
You feel aware of your surroundings.
It was a scroll of magic mapping.
The gnoll barely misses you.
The gnoll sergeant hits you from afar with a +0 trident.
* * * LOW HITPOINT WARNING * * *
It was a potion of might.
You feel very mighty all of a sudden. The gnoll closely misses you.
The gnoll sergeant closely misses you. The gnoll attacks as you move away!
The gnoll barely misses you. The gnoll attacks as you move away!
The gnoll closely misses you. The gnoll attacks as you move away!
The gnoll closely misses you. The gnoll attacks as you move away!
The gnoll barely misses you.
You see here an adder skeleton.
The gnoll attacks as you move away! The gnoll hits you with a +0 whip.
* * * LOW HITPOINT WARNING * * *
It was a potion of degeneration.
There was something very wrong with that liquid.
You feel weakened.
You feel dopey.
You feel clumsy. The gnoll hits you with a +0 whip!
* * * LOW HITPOINT WARNING * * *
The gnoll sergeant hits you from afar with a +0 trident!
You die...

,,###'### ########*.#*##+###
,,,*#.# ##....#.##.###..###
**,,#.# #...........#.....#
,,,##.# #...........#.....#
***#..# #...........#.....#
,,,##g# #...........#.....#
**,,#.# #...........#.....)
,,,##.# #####...###..###...###
,,##..######..##@..###..###'#####
**#..........ggg.........#.......
#...........)..........+..>.)..
#*##..........##..####..####'###'
..##†.........##..####..###..###.
...................#.........#<..
..##....########...#.M.......#...
.,*#....###...##...#.........'...
,,*#..........##..#########..###.


You could see a gnoll sergeant and 2 gnolls.

Vanquished Creatures
  Grinder (D:4)
  Sigmund (D:4)
  Menkaure (D:4)
  Edmund (D:4)
  A sky beast (D:4)
  An ogre (D:4)
  A scorpion (D:4)
  5 adders
  A worm (D:3)
  2 dart slugs
  3 bats
  3 endoplasms
  A giant cockroach (D:2)
  5 goblins
  2 hobgoblins (D:4)
  3 jackals (D:2)
  4 ball pythons
  3 kobolds
  2 rats
41 creatures vanquished.

Notes
Turn   | Place    | Note
-------+----------+-------------------------------------------
     0 | D:1      | billz999 the Vampire Earth Elementalist began the quest for
                  | the Orb.
     0 | D:1      | Reached XP level 1. HP: 13/13 MP: 3/3
   356 | D:1      | Reached skill level 2 in Transmutations
   356 | D:1      | Reached XP level 2. HP: 19/19 MP: 3/5
   968 | D:2      | Found a runed translucent door.
   969 | D:2      | Noticed Crazy Yiuf
  1408 | D:3      | Found a shadowy altar of Dithmenos.
  1408 | D:3      | Found a broken altar of Ashenzari.
  1408 | D:3      | Found an ornate altar of the Wu Jian Council.
  1414 | D:3      | Found a sparkling altar of Nemelex Xobeh.
  1414 | D:3      | Found a snail-covered altar of Cheibriados.
  1416 | D:3      | Found a stormy altar of Qazlal.
  1416 | D:3      | Found an iron altar of Okawaru.
  1420 | D:3      | Became a worshipper of Dithmenos the Shadowed
  1427 | D:3      | Gained mutation: You are afflicted with vampirism and can
                  | become a bat while bloodless. [Vampire growth]
  1427 | D:3      | Reached XP level 3. HP: 14/24 MP: 2/6
  1478 | D:3      | Reached skill level 3 in Transmutations
  1667 | D:3      | Found a hazy altar of Hepliaklqana.
  1772 | D:3      | Found a hide-covered altar of Uskayaw.
  1774 | D:3      | Noticed a +0 hand axe
  1776 | D:3      | Noticed a +0 dagger
  2375 | D:4      | Reached XP level 4. HP: 30/30 MP: 5/7
  2460 | D:4      | Found a shimmering blue altar of Sif Muna.
  2460 | D:4      | Noticed a sky beast
  2474 | D:4      | Killed a sky beast
  2475 | D:4      | Reached skill level 5 in Transmutations
  2475 | D:4      | Reached XP level 5. HP: 30/35 MP: 0/8
  2559 | D:4      | Noticed Grinder
  2559 | D:4      | Paralysed by Grinder for 2 turns
  2578 | D:4      | Killed Grinder
  2579 | D:4      | Reached skill level 6 in Transmutations
  2579 | D:4      | Reached XP level 6. HP: 20/41 MP: 1/9
  2665 | D:4      | Noticed Sigmund
  2673 | D:4      | Learned a level 4 spell: Petrify
  2712 | D:4      | Killed Sigmund
  2713 | D:4      | Reached skill level 7 in Transmutations
  2713 | D:4      | Reached XP level 7. HP: 15/46 MP: 8/10
  2804 | D:4      | Noticed Edmund
  2818 | D:4      | Killed Edmund
  2819 | D:4      | Reached skill level 8 in Transmutations
  2983 | D:4      | Noticed Menkaure
  3017 | D:4      | Killed Menkaure
  3284 | D:4      | Mangled by a gnoll sergeant

Illustrated notes

Levels and vault maps discovered:
D:1:      wander_arrival_peaceful_grave, layout_basic
D:2:      layout_rooms, minmay_misc_feat_nine_boxes, amethyst_killhole,
          uniq_crazy_yiuf_cottage
D:3:      layout_basic, mainiacjoe_overflow_alcove_4, dancing_weapons_uskayaw,
          grunt_temple_overflow_open, hex_intersection
D:4:      layout_gridville, nicolae_sif_muna_condensation, minmay_puff,
          uniq_sigmund, uniq_edmund, uniq_grinder, uniq_menkaure

Skill      XL: |  1  2  3  4  5  6  7 |
---------------+----------------------+-----
Transmutations | 2 3 5 6 7 8 |  8.0
Stealth        | 4 |  4.6
Spellcasting   | 4 |  4.0
Earth Magic    | 4 |  4.0
Dodging        | |  2.1

Action                   |  1- 3 |  4- 6 |  7- 9 || total
-------------------------+-------+-------+-------++-------
Melee: Dagger            |     9 |     5 |    24 ||    38
       Bite              |     2 |       |     5 ||     7
       Punch             |       |       |     1 ||     1
 Cast: Sandblast         |    43 |    22 |    11 ||    76
       Petrify           |       |       |     7 ||     7
Evoke: Wand              |       |     4 |       ||     4
  Use: Potion            |     2 |     2 |     2 ||     6
       Scroll            |       |       |     1 ||     1
 Stab: Sleeping          |     2 |       |       ||     2
       Petrified         |       |       |    18 ||    18
       Petrifying        |       |       |     1 ||     1
Armor: Robe              |    12 |     3 |     1 ||    16
Dodge: Dodged            |    31 |    14 |    16 ||    61

Table legend: (Time is in decaauts)
 A = Elapsed time spent in this place.
 B = Non-inter-level travel time spent in this place.
 C = Inter-level travel time spent in this place.
 D = Time resting spent in this place.
 E = Time spent auto-exploring this place.
 F = Levels seen in this place.
 G = Mean time per level.
                   A        B        C        D        E       F      G
               +--------+--------+--------+--------+--------+-----+--------+
         Total |   3320 |   3178 |    142 |    232 |   2481 |   4 |  830.0 |
       Dungeon |   3320 |   3178 |    142 |    232 |   2481 |   4 |  830.0 |
               +--------+--------+--------+--------+--------+-----+--------+

Top non-repeatable levels by time:
     D:4: 989 daAuts
     D:3: 910 daAuts
     D:2: 764 daAuts
     D:1: 657 daAuts
